 Dungeon Crawl Stone Soup version 0.29.1-13-g9f3cf754e1 (webtiles) character file.

Game seed: 11762562810005309491

33984 sankara the Destroyer (level 13, -7/102 HPs)
             Began as a Purple Draconian Conjurer on Feb 10, 2023.
             Was an Initiate of Gozag.
             Mangled by an elephant (11 damage)
             ... on level 5 of the Lair of Beasts on Feb 11, 2023.
             The game lasted 01:27:10 (17087 turns).

sankara the Destroyer (Purple Draconian Conjurer)  Turns: 17087, Time: 01:27:11

Health: -7/102     AC: 15    Str:  9    XL:     13   Next: 39%
Magic:  6/26       EV: 15    Int: 23    God:    Gozag
Gold:   1847       SH:  0    Dex: 11    Spells: 9/30 levels left

rFire   . . .      SeeInvis .   a - +2 whip (elec)
rCold   . . .      Faith    .   (no shield)
rNeg    . . .      Spirit   .   (body armour unavailable)
rPois   .          Reflect  .   (helmet restricted)
rElec   .          Harm     .   P - +0 cloak
rCorr   .          Rampage  .   A - +0 pair of gloves
Will    +....                   e - +0 pair of boots
Stlth   ++++......              q - amulet of magic regeneration
HPRegen 0.27/turn               N - +4 ring of slaying
MPRegen 0.60/turn               m - +4 ring of protection

@: gold aura, slowed, very slow
A: breathe power, AC +8, unfitting armour, cold-blooded
a: Breathe Dispelling Energy, Renounce Religion, Potion Petition, Call Merchant,
Bribe Branch


You were on level 5 of the Lair of Beasts.
You worshipped Gozag.
Gozag was most pleased with you.
You visited 3 branches of the dungeon, and saw 14 of its levels.

You collected 2904 gold pieces.
You paid 1057 gold pieces to Gozag.

Inventory:

Hand Weapons
 a - a +2 whip of electrocution (weapon)
 b - a +3 rapier of holy wrath
 d - a +1 short sword of venom
 I - a +1 dagger of venom
 L - a +5 short sword
 R - a +5 dagger of freezing
Missiles
 y - 12 boomerangs
 z - 5 throwing nets
 C - 3 boomerangs of dispersal
 D - 5 atropa-tipped darts
 M - 14 poisoned darts (quivered)
Armour
 e - a +0 pair of boots (worn)
 A - a +0 pair of gloves (worn)
 P - a +0 cloak (worn)
Magical Staves
 o - a staff of earth
 w - a staff of poison
Jewellery
 k - a ring of wizardry
 l - a +6 ring of strength
 m - a +4 ring of protection (right hand)
 q - an amulet of magic regeneration (around neck)
 x - a ring of see invisible
 G - a ring of resist corrosion
 J - a ring of positive energy
 N - a +4 ring of slaying (left hand)
 O - a +4 ring of slaying
 Q - a ring of protection from cold
Wands
 u - a wand of light (27)
 H - a wand of paralysis (7)
 K - a wand of roots (18)
 U - a wand of digging (7)
Scrolls
 i - 4 scrolls of identify
 j - a scroll of teleportation
 n - a scroll of blinking
 t - a scroll of poison
 V - a scroll of brand weapon {unknown}
 W - a scroll of summoning {unknown}
 X - a scroll of amnesia {unknown}
Potions
 c - a potion of attraction
 f - a potion of magic
 g - a potion of brilliance
 h - 3 potions of heal wounds
 p - 2 potions of might
 r - 3 potions of lignification
 s - 2 potions of berserk rage
 v - 6 potions of haste
 B - 2 potions of mutation
 E - 4 potions of curing
 F - 3 potions of flight
 S - 2 potions of degeneration


   Skills:
 + Level 5.8 Fighting
 + Level 10.1 Maces & Flails
 + Level 8.8 Dodging
 - Level 9.0 Stealth
 - Level 9.0 Spellcasting
 - Level 12.0 Conjurations
 - Level 6.0 Hexes
 - Level 4.0 Translocations
 + Level 4.2 Ice Magic


You had 9 spell levels left.
You knew the following spells:

 Your Spells              Type           Power      Damage    Failure   Level
a - Magic Dart            Conj           100%       1d8       1%          1
b - Searing Ray           Conj           100%       2d8       1%          2
c - Dazzling Flash        Conj/Hex       100%       N/A       1%          3
d - Fulminant Prism       Conj/Hex       25%        3d14      1%          4
e - Iskenderun's Mystic   Conj/Tloc      47%        2d10      2%          4
f - Hailstorm             Conj/Ice       47%        3d11      2%          4
g - Summon Guardian Gole  Hex/Summ       24%        N/A       5%          3

Your spell library contained the following spells:

 Spells                   Type           Power      Damage    Failure   Level
 Freeze                   Ice            100%       1d11      1%          1
 Ensorcelled Hibernation  Hex/Ice        66%        N/A       1%          2
 Static Discharge         Conj/Air       37%        3-8/arc   1%          2
 Frozen Ramparts          Ice            58%        1d9       3%          3
 Beastly Appendage        Tmut           20%        N/A       6%          1
 Summon Small Mammal      Summ           40%        N/A       6%          1
 Passwall                 Tmut/Erth      8%         N/A       10%         2
 Wereblood                Tmut           10%        N/A       10%         2
 Lightning Bolt           Conj/Air       18%        1d33      14%         5
 Call Canine Familiar     Summ           10%        N/A       19%         3
 Spider Form              Tmut/Pois      10%        N/A       19%         3
 Swiftness                Air            10%        N/A       19%         3
 Maxwell's Capacitive Co  Air            5%         ∞         100%        8


Dungeon Overview and Level Annotations

Branches:
Dungeon (8/15)             Temple (1/1) D:4            Lair (5/5) D:8
 Shoals (0/4) Lair:3        Snake (0/4) Lair:3        Slime (0/5) Lair:4

Altars:
Ashenzari
Cheibriados
Dithmenos
Elyvilon
Gozag
Hepliaklqana
Kikubaaqudgha
Makhleb
Nemelex Xobeh
Okawaru
Qazlal
Ru
Sif Muna
Wu Jian
Xom
Yredelemnul
Zin
The Shining One

Shops:
D:2 !

Annotations:
D:3 2 runed translucent doors


Innate Abilities, Weirdness & Mutations

You can breathe bolts of dispelling energy.
Your rich purple scales are hard. (AC +8)
You cannot fit into any form of body armour.
You are cold-blooded and may be slowed by cold attacks.


Message History

* * * LOW HITPOINT WARNING * * *
You hold your ground!
The elephant closely misses you.
You hit the elephant.
Lightning courses through the elephant!!
You kill the elephant!
The cane toad is distracted by your dazzling golden aura.
The elephant is distracted by your dazzling golden aura. x2
The elephant misses you.
The elephant trunk-slaps you but does no damage.
The cane toad croaks.
The elephant trumpets! x2
You hit the elephant.
Your tail-slap misses the elephant.
The elephant is moderately wounded.
The elephant tramples you but does no damage.
The elephant trunk-slaps you but does no damage.
You hit the elephant.
The elephant is heavily wounded.
The cane toad is no longer distracted by gold.
The elephant is distracted by your dazzling golden aura.
The elephant tramples you but does no damage.
The elephant trunk-slaps you but does no damage.
The elephant is distracted by your dazzling golden aura.
The elephant closely misses you. The elephant misses you.
The cane toad closely misses you.
The torpor snail is distracted by your dazzling golden aura.
The elephant trumpets! x2
You hit the elephant.
The elephant is heavily wounded.
The elephant is no longer distracted by gold. x2
The elephant misses you.
The elephant trunk-slaps you but does no damage.
The cane toad closely misses you.
The elephant tramples you but does no damage.
The elephant misses you.
You whack the elephant!
The elephant is heavily wounded.
The elephant is no longer distracted by gold.
The cane toad misses you. The elephant tramples you!
You die...
Your body crumbles into a pile of gold.

## .. ######## .##
#..@YYw# #..##
##^YFYY.### ....#
#...YYY...#####...#
#....#.......$$...#
#.....#.....$.......##
#.....##..$.<.$.$....#
#..P..#
#....$.$....P## #...P#
#....$......P# ...#
#............##


You could see 8 elephants, a torpor snail and a cane toad.

Vanquished Creatures
  Snorg (Lair:3)
  2 hydras
  3 death yaks
  Pikel (D:7)
  An oklob plant (Lair:1)
  25 elephants
  A torpor snail (D:8)
  4 cane toads
  4 black mambas
  3 merfolk sirens (Lair:3)
  4 rime drakes
  9 komodo dragons
  8 polar bears
  A merfolk (Lair:3)
  A hornet (Lair:1)
  5 dream sheep (Lair:3)
  17 blink frogs
  A wyvern (D:7)
  9 yaks
  2 basilisks
  2 steam dragons
  3 nagas (Lair:3)
  Duvessa (D:7)
  12 water moccasins
  An orc warrior (D:6)
  9 black bears
  2 ice beasts
  2 sky beasts (D:6)
  An ogre (D:5)
  3 centaurs
  4 wolves (Lair:2)
  A kobold brigand (D:8)
  2 phantoms
  A gnoll sergeant (D:6)
  3 necrophages
  A scorpion (D:7)
  6 bullfrogs
  9 wights
  Dowan (D:7)
  3 killer bees (D:8)
  A howler monkey (D:6)
  An electric eel (Lair:3)
  3 orc priests
  3 gnoll boudas
  3 hounds
  3 jellies (D:6)
  3 iguanas
  Natasha (thrice) (D:2)
  3 orc wizards
  24 gnolls
  9 adders
  A shadow imp (D:6)
  2 white imps (D:6)
  An ufetubus (D:5)
  A worm (D:3)
  6 dart slugs
  17 orcs
  11 ball pythons
  5 bats
  6 endoplasms
  8 hobgoblins
  2 jackals (D:2)
  10 kobolds
  4 quokkas
  3 training dummies (D:4)
  4 frilled lizards
  8 goblins
  9 rats
  A bush (Lair:3)
324 creatures vanquished.

Vanquished Creatures (others)
  280 fulminant prisms
  42 fungi
  79 plants
401 creatures vanquished.

Grand Total: 725 creatures vanquished

Notes
Turn   | Place    | Note
-------+----------+-------------------------------------------
     0 | D:1      | sankara the Draconian Conjurer began the quest for the Orb.
     0 | D:1      | Reached XP level 1. HP: 14/14 MP: 3/3
     6 | D:1      | Noticed a polar bear
     6 | D:1      | Noticed a hog
     6 | D:1      | Noticed an anaconda
     7 | D:1      | Noticed an iguana
     7 | D:1      | Noticed a scorpion
   191 | D:1      | Reached XP level 2. HP: 20/20 MP: 1/5
   471 | D:1      | Learned a level 2 spell: Searing Ray
  1425 | D:2      | Reached XP level 3. HP: 26/26 MP: 2/6
  1429 | D:2      | Learned a level 3 spell: Dazzling Flash
  2131 | D:2      | Reached XP level 4. HP: 33/33 MP: 0/7
  2198 | D:2      | Found Oblimag's Distillery.
  2458 | D:2      | Noticed Natasha
  2590 | D:2      | Reached skill level 1 in Hexes
  2767 | D:2      | Reached skill level 5 in Conjurations
  2809 | D:2      | Found a glowing silver altar of Zin.
  2823 | D:2      | Reached XP level 5. HP: 38/38 MP: 5/9
  3234 | D:2      | Killed Natasha
  3522 | D:2      | Noticed Natasha
  3532 | D:2      | Killed Natasha
  3997 | D:2      | Noticed Natasha
  4002 | D:2      | Killed Natasha
  4171 | D:3      | Reached skill level 1 in Fighting
  4240 | D:3      | Found a large runed translucent door.
  4241 | D:3      | Found a large runed translucent door.
  4319 | D:3      | Reached XP level 6. HP: 47/47 MP: 6/10
  4381 | D:3      | Learned a level 4 spell: Fulminant Prism
  4661 | D:3      | Found a faded altar of an unknown god.
  4884 | D:4      | Found a staircase to the Ecumenical Temple.
  4916 | Temple   | Entered the Ecumenical Temple
  4970 | Temple   | Became a worshipper of Gozag Ym Sagoz the Greedy
  5088 | D:4      | Found a white marble altar of Elyvilon.
  5133 | D:4      | Found Feuna's Firing Range.
  5760 | D:5      | Entered Level 5 of the Dungeon
  5949 | D:5      | Reached skill level 6 in Conjurations
  5949 | D:5      | Your scales start taking on a rich purple colour.
  5949 | D:5      | Reached XP level 7. HP: 41/51 MP: 11/13
  6789 | D:6      | Reached XP level 8. HP: 52/59 MP: 4/15
  6937 | D:6      | Reached skill level 7 in Conjurations
  6953 | D:6      | Reached skill level 5 in Spellcasting
  7182 | D:6      | Found a sparkling altar of Nemelex Xobeh.
  7328 | D:6      | Learned a level 4 spell: Iskenderun's Mystic Blast
  7444 | D:6      | Reached skill level 1 in Maces & Flails
  7444 | D:6      | Reached skill level 5 in Stealth
  7559 | D:6      | Reached XP level 9. HP: 55/64 MP: 11/17
  7617 | D:6      | Reached skill level 1 in Translocations
  7872 | D:7      | Reached skill level 8 in Conjurations
  8034 | D:7      | Noticed Pikel
  8043 | D:7      | Killed Pikel
  8044 | D:7      | Reached skill level 5 in Hexes
  8360 | D:7      | Reached skill level 5 in Dodging
  8577 | D:7      | Noticed Dowan
  8577 | D:7      | Noticed Duvessa
  8582 | D:7      | Killed Dowan
  8592 | D:7      | Killed Duvessa
  8804 | D:7      | Found a glowing golden altar of the Shining One.
  9231 | D:7      | Found a shimmering blue altar of Sif Muna.
  9327 | D:7      | Found an ornate altar of the Wu Jian Council.
  9564 | D:8      | Noticed a six-headed hydra
  9595 | D:8      | Killed a six-headed hydra
  9596 | D:8      | Reached XP level 10. HP: 71/71 MP: 4/19
  9787 | D:8      | Reached skill level 9 in Conjurations
 10040 | D:8      | Found a staircase to the Lair.
 10403 | Lair:1   | Entered Level 1 of the Lair of Beasts
 10404 | Lair:1   | Noticed a death yak
 10410 | Lair:1   | Noticed a death yak
 10412 | Lair:1   | Noticed a torpor snail
 10420 | D:8      | Killed a death yak
 10421 | D:8      | Reached skill level 5 in Maces & Flails
 10483 | D:8      | Killed a torpor snail
 10487 | D:8      | Killed a death yak
 11233 | Lair:1   | Reached XP level 11. HP: 60/77 MP: 14/22
 11370 | Lair:1   | Reached skill level 10 in Conjurations
 11707 | Lair:1   | Found a hazy altar of Hepliaklqana.
 11707 | Lair:1   | Noticed an oklob plant
 11724 | Lair:1   | Killed an oklob plant
 12506 | Lair:2   | Reached skill level 11 in Conjurations
 12869 | Lair:2   | Reached XP level 12. HP: 65/83 MP: 8/24
 13109 | Lair:1   | Learned a level 3 spell: Summon Guardian Golem
 13698 | Lair:3   | Noticed a four-headed hydra
 13703 | Lair:3   | Killed a four-headed hydra
 13786 | Lair:3   | Noticed Snorg
 13798 | Lair:3   | Killed Snorg
 13846 | Lair:3   | Reached skill level 12 in Conjurations
 14114 | Lair:3   | Learned a level 4 spell: Hailstorm
 14215 | Lair:3   | Found a staircase to the Snake Pit.
 14244 | Lair:3   | Reached skill level 1 in Ice Magic
 14943 | Lair:3   | Found a staircase to the Shoals.
 15143 | Lair:4   | Reached XP level 13. HP: 48/99 MP: 14/26
 15933 | Lair:4   | Reached skill level 5 in Fighting
 16305 | Lair:4   | Found a staircase to the Slime Pits.
 16759 | Lair:5   | Entered Level 5 of the Lair of Beasts
 16767 | Lair:5   | Reached skill level 10 in Maces & Flails
 17082 | Lair:5   | HP: 3/102 [elephant (9)]
 17087 | Lair:5   | Mangled by an elephant

Illustrated notes

Levels and vault maps discovered:
D:1:      onia_arrival_zoo_common, layout_basic
D:2:      minmay_skewed_foursquare, layout_basic, serial_shops, shop,
          basic_altar, dk_vineyard_2, uniq_natasha
D:3:      layout_basic, jmf_multi_god_temple2, chequers_ecumenical_altar_twisty
D:4:      layout_loops_cross, lemuel_round_altar, minmay_temple_entry_poolview,
          skrybe_limestone_x, nicolae_shop_firing_range
D:5:      layout_gridville, serial_glass, glass_columns_a, glass_columns_c
D:6:      minmay_spotlight, layout_loops_ring,
          nemelex_xobeh_ov_fountains_minmay, hex_tiny
D:7:      layout_basic, led_sif_pool, mainiacjoe_overflow_swirl,
          minmay_curled_crystal, hangedman_abyss_or_decor_passed, uniq_pikel,
          uniq_duvessa
D:8:      layout_loops_cross, david_lair_shrubbed
Temple:   cyrus_circular_temple
Lair:1:   beast_lair_carwin_large_4, layout_layer_cave, lemuel_oklob_altar,
          grunt_megastairs_2
Lair:2:   layout_cellular_growth, dreamdust_mushroom_princess
Lair:3:   layout_loops_ring, elwin_shoals_entry_stream,
          minmay_snake_entry_guardpost_small, infiniplex_staircase_pool,
          uniq_snorg
Lair:4:   layout_cave_pods, slime_entry_1, st_stairs_13,
          chequers_serial_rivers_micro_d, beast_lair_carwin_7
Lair:5:   minmay_lair_end_frog_pond, layout_layer_cave

Skill      XL: |  1  2  3  4  5  6  7  8  9 10 11 12 13 |
---------------+----------------------------------------+-----
Stealth        | 2 3 4 5 6 7 9 |  9.0
Dodging        | 2 3 4 5 6 7 8 |  8.8
Hexes          | 1 2 3 4 5 6 |  6.0
Conjurations   | 5 6 7 8 9 11 12 | 12.0
Fighting       | 1 4 5 |  5.8
Spellcasting   | 3 4 5 6 7 8 9 |  9.0
Maces & Flails | 1 4 6 8 9 10 | 10.1
Translocations | 2 4 |  4.0
Ice Magic      | 2 4 |  4.2

Action                   |  1- 3 |  4- 6 |  7- 9 | 10-12 | 13-15 || total
-------------------------+-------+-------+-------+-------+-------++-------
Melee: Dagger            |    11 |     7 |       |       |       ||    18
       Tailslap          |     3 |     2 |     3 |    26 |     7 ||    41
       Rapier            |       |     4 |    12 |       |       ||    16
       Whip              |       |       |    27 |   157 |    44 ||   228
       Punch             |       |       |       |     1 |       ||     1
Throw: Boomerang         |       |       |     2 |       |       ||     2
       Dart              |       |       |     2 |     3 |       ||     5
 Cast: Magic Dart        |    35 |    28 |    18 |    21 |     1 ||   103
       Searing Ray       |    22 |    28 |    11 |    12 |       ||    73
       Fulminant Prism   |       |    20 |    81 |   157 |    22 ||   280
       Iskenderun's Myst |       |       |       |     4 |    16 ||    20
       Summon Guardian G |       |       |       |     3 |       ||     3
       Hailstorm         |       |       |       |     1 |     7 ||     8
       Dazzling Flash    |       |       |       |       |     6 ||     6
Invok: Potion Petition   |       |       |       |     2 |       ||     2
  Use: Potion            |       |       |       |     2 |     1 ||     3
       Scroll            |       |       |       |    14 |     4 ||    18
Armor: Skin              |     6 |    11 |    20 |   123 |    74 ||   234
Dodge: Dodged            |    13 |    12 |    36 |   160 |    94 ||   315
